 Dungeon Crawl Stone Soup version 0.18.1-48-g4cf74bf (webtiles) character file.

134999 Krapule the Tortoise (level 16, -7/151 HPs)
             Began as a Minotaur Fighter on July 23, 2016.
             Was the Champion of Cheibriados.
             Killed from afar by a thorn hunter (12 damage)
             ... with a volley of thorns
             ... on level 4 of the Swamp.
             The game lasted 02:16:05 (24920 turns).

Krapule the Tortoise (Minotaur Fighter)            Turns: 24920, Time: 02:16:06

Health: -7/151     AC: 20    Str: 44    XL:     16   Next: 63%
Magic:  22/22      EV: 23    Int: 20    God:    Cheibriados [******]
Gold:   3476       SH: 22    Dex: 24    Spells: 0 memorised, 15 levels left

rFire  + + .     SeeInvis .     a - +7 morningstar "Medes" {flame, rN+ MR+}
rCold  . . .     Gourm    .     s - +2 scale mail of Haema {rF+}
rNeg   + . .     Faith    .     c - +0 shield
rPois  .         Spirit   .     (helmet restricted)
rElec  .         Dismiss  .     N - +1 cloak
rCorr  .         Reflect  +     K - +0 pair of gloves
SustAt .         Harm     .     X - +2 pair of boots
MR     ++...                    S - +4 amulet of reflection
Stlth  +.........               (no ring)
                                y - ring of protection from fire

@: very slow, very resistant to hostile enchantments, very unstealthy
A: retaliatory headbutt, horns 2
a: Bend Time, Temporal Distortion, Slouch, Step From Time, Renounce Religion


You were on level 4 of the Swamp.
You worshipped Cheibriados.
Cheibriados was exalted by your worship.
You were very hungry.

You visited 4 branches of the dungeon, and saw 27 of its levels.
You also visited: Labyrinth, Sewer and Bailey.

You collected 3476 gold pieces.

Inventory:

Hand Weapons
 a - the +7 morningstar "Medes" (weapon) {flame, rN+ MR+}
   (You found it in a labyrinth)

   It has been specially enchanted to burn those struck by it, causing extra
   injury to most foes and up to half again as much damage against particularly
   susceptible opponents.
   It protects you from negative energy.
   It affects your resistance to hostile enchantments.
 L - the +5 demon whip "Spellbinder" {antimagic, MR+}
   (You found it on level 6 of the Lair of Beasts)

   It disrupts the flow of magical energy around spellcasters and certain
   magical creatures (including the wielder).
   It affects your resistance to hostile enchantments.
Armour
 c - a +0 shield (worn)
 q - the +1 leather armour "Ereunacu" {rPois Str+4 Dex+4}
   (You found it on level 9 of the Dungeon)

   It affects your strength (+4).
   It affects your dexterity (+4).
   It protects you from poison.
 s - the +2 scale mail of Haema (worn) {rF+}
   (You found it on level 1 of the Swamp)

   It protects you from fire.
 v - a +2 chain mail of positive energy
 H - a +0 pair of boots of flying
 K - a +0 pair of gloves (worn)
 N - a +1 cloak (worn)
 X - a +2 pair of boots (worn)
Rods
 b - a +5 rod of ignition (6/11)
   (You took it off a minotaur in a labyrinth)
Jewellery
 o - an uncursed ring of magical power
 y - a ring of protection from fire (left hand)
 S - a +4 amulet of reflection (around neck)
Wands
 e - a wand of heal wounds (0/9)
 i - a wand of teleportation (4/9)
 p - a wand of lightning (8/15)
 x - a wand of flame (35/48)
 G - a wand of iceblast (8/15)
 J - a wand of acid (10/15)
Scrolls
 d - a scroll of identify
 g - 2 scrolls of amnesia {unknown}
 h - 3 scrolls of blinking {unknown}
 j - 7 scrolls of teleportation
 l - 4 scrolls of fog
 m - 11 scrolls of remove curse
 t - a scroll of enchant weapon
 z - 5 scrolls of fear {unknown}
 A - 4 scrolls of recharging {unknown}
 I - 2 scrolls of immolation {unknown}
 M - 2 scrolls of magic mapping
 T - 2 scrolls of vulnerability {unknown}
 U - 3 scrolls of random uselessness {unknown}
Potions
 k - 4 potions of ambrosia
 n - 3 potions of heal wounds
 r - 2 potions of mutation
 u - 4 potions of agility
 B - 2 potions of resistance
 C - 4 potions of might
 D - 3 potions of magic
 E - 6 potions of curing
 F - 3 potions of flight
 P - a potion of brilliance
 R - a potion of lignification {unknown}
 W - 2 potions of cancellation {unknown}
Miscellaneous
 V - a fan of gales
Comestibles
 f - 11 bread rations
 w - 17 fruits
 O - 3 royal jellies
 Q - a slice of pizza
 Y - a beef jerky


   Skills:
 * Level 15.8 Fighting
 + Level 12.6 Maces & Flails
 * Level 16.3 Armour
 + Level 11.1 Dodging
 * Level 16.2 Shields
 + Level 9.8 Invocations
 + Level 7.6 Evocations


You had 15 spell levels left.
You didn't know any spells.

Dungeon Overview and Level Annotations

Branches:
Dungeon (13/15)            Temple (0/1) D:5            Lair (8/8) D:9
  Swamp (4/4) Lair:6       Spider (0/4) Lair:5        Slime (0/6) Lair:8
    Orc (2/2) D:10            Elf (0/3) Orc:2
 Vaults: D:13-14

Altars:
Cheibriados
Dithmenos
Fedhas
Gozag
Kikubaaqudgha
Makhleb
Nemelex Xobeh
Okawaru
Pakellas
Qazlal
Ru
Sif Muna
Yredelemnul
The Shining One

Shops:
D:13 %[:   Orc:2 (}}:(

Portals:
Hell: Lair:8

Annotations:
Lair:3 exclusion: oklob plant
Lair:6 exclusion: ice statue
Lair:8 exclusion: 4 oklob plants


Innate Abilities, Weirdness & Mutations

You reflexively headbutt those who attack you in melee.
You have a pair of horns on your head.


Message History

Unknown command.
Drink which item? (? for menu, Esc to quit)
You feel much better.
The briar patch crumbles away.
The vampire mosquito closely misses you.
You block the vampire mosquito's attack.
You enter the shallow water.
Moving in this stuff is going to be slow.
The vampire mosquito bites you but does no damage.
The vampire mosquito completely misses you.
You furiously retaliate!
You headbutt the vampire mosquito, but do no damage.
You block the vampire mosquito's attack. x2
The thorn hunter fires a volley of thorns at you.
The volley of thorns hits you!
* * * LOW HITPOINT WARNING * * *
The vampire mosquito completely misses you.
You furiously retaliate!
You headbutt the vampire mosquito.
The thorn hunter fires a volley of thorns at you.
The volley of thorns hits you!
You die...

≈≈.♣♣≈.♣♣
♣≈≈.......≈§.≈#
≈≈.≈.§≈≈♣
♣♣.......≈)≈§.♣#
≈≈≈..≈≈≈♣
♣≈....P≈.≈≈...†#
≈≈≈÷....♣
♣♣..♣P.fP.♣###†.##
...≈.♣♣♣♣♣♣♣♣♣...♣♣.PP≈♣
##†≈##
≈♣♣..♣♣♣♣♣.....≈≈♣≈≈.♣♣♣
##†≈##
♣♣≈♣♣♣♣.≈≈≈≈≈≈≈≈≈f≈.♣♣
##.≈.
♣...≈≈.≈≈≈≈≈≈≈≈≈.♣♣♣
##..
♣♣≈≈≈≈..§≈≈≈≈≈≈@y♣♣♣ ##
♣♣≈...♣..≈≈≈≈≈≈.≈≈♣
♣♣♣♣♣♣♣♣...≈≈....♣
♣♣♣.≈§≈≈..♣ ♣<.≈.≈≈♣♣
♣≈.≈≈≈.♣ ♣♣.≈≈≈≈♣
♣.≈...≈≈≈ ♣≈≈≈♣.≈≈.


You could see 2 thorn hunters and a vampire mosquito.

Vanquished Creatures
  3 thorn hunters
  The ghost of Xoff the Fighter, an adept MiFi of the Shining One (Swamp:4)
  A very ugly thing (Swamp:3)
  A dire elephant (Lair:8)
  The ghost of ThereIsNoGod the Severer, a journeyman MiGl of Makhleb (D:13)
  A minotaur (Lab)
  Josephine (Orc:1)
  28 hydras
  3 ghost crabs
  Erolcha (Orc:1)
  A centaur warrior (D:13)
  Erica (Orc:1)
  3 alligators
  6 orc high priests (Orc:2)
  A dancing weapon (Orc:2)
  12 death yaks
  A spriggan berserker (Swamp:4)
  A sun demon (Lair:8)
  2 unseen horrors (D:13)
  A wizard (Lair:8)
  3 spriggan druids
  5 swamp dragons
  Pikel (D:8)
  A hill giant (D:8)
  11 orc knights
  2 griffons
  2 orc sorcerers
  An ugly thing (D:13)
  2 hornets
  A cyclops (Orc:2)
  A sixfirhy (Lair:8)
  A smoke demon (Lair:8)
  Joseph (D:7)
  18 elephants
  6 black mambas
  Psyche (D:8)
  16 spiny frogs
  4 orange demons (Lair:8)
  A kobold demonologist (D:11)
  14 komodo dragons
  5 rime drakes
  3 ice devils (Lair:8)
  A red devil (Lair:8)
  A freezing wraith (Lair:6)
  3 trolls
  2 polar bears (Lair:6)
  6 giant leeches
  Prince Ribbit (D:7)
  A two-headed ogre (Orc:1)
  23 blink frogs
  6 slime creatures (Swamp:1)
  9 bog bodies
  A boulder beetle (Lair:8)
  Sigmund (D:6)
  A shadow (D:13)
  2 spriggans
  70 yaks
  A vampire (D:13)
  5 wyverns
  5 wraiths (Orc:1)
  5 basilisks
  2 steam dragons
  A human (D:7)
  2 hungry ghosts (D:13)
  15 hippogriffs
  4 wargs
  9 vampire mosquitoes
  17 swamp worms
  18 insubstantial wisps
  23 water moccasins
  Duvessa (D:7)
  2 hell hounds (Lair:8)
  10 porcupines
  49 orc warriors
  2 black bears
  2 sky beasts
  6 swamp drakes
  2 wasps
  A slave (D:8)
  Purgy (Sewer)
  18 ice beasts
  2 phantoms
  4 wolves (Lair:2)
  13 ogres
  2 necrophages (D:9)
  2 centaurs
  17 crocodiles
  4 big kobolds
  13 giant frogs
  Dowan (D:7)
  4 scorpions
  A water moccasin skeleton (D:4)
  8 killer bees (D:8)
  4 wights (D:9)
  2 howler monkeys
  4 electric eels
  3 crimson imps
  A centaur zombie (D:9)
  6 hounds
  26 orc priests
  6 jellies
  17 orc wizards
  15 iguanas
  Terence (D:3)
  11 worker ants
  11 sheep
  A hound zombie (D:7)
  A worker ant zombie (D:5)
  8 gnolls (D:5)
  7 adders
  48 river rats
  5 shadow imps
  A white imp (Lair:6)
  2 oozes (D:3)
  2 adder zombies
  3 adder skeletons
  2 worms (D:3)
  2 dart slugs
  5 giant geckos
  91 orcs
  9 bats
  13 giant cockroaches
  7 goblins
  10 hobgoblins
  7 jackals
  36 kobolds
  4 quokkas
  10 ball pythons
  7 giant newts
  A quokka skeleton (D:5)
  2 quokka zombies (D:5)
  4 rats
  A butterfly (Lair:5)
966 creatures vanquished.

Vanquished Creatures (collateral kills)
  A hydra (Lair:8)
  A crocodile (Lair:8)
  A wyvern skeleton (D:13)
3 creatures vanquished.

Vanquished Creatures (others)
  2 slaves (D:8)
  A big kobold (D:8)
  2 centaurs
  A giant frog (D:8)
  An orc priest (D:9)
  9 kobolds
  3 briar patches
  36 fungi
  17 plants
72 creatures vanquished.

Grand Total: 1041 creatures vanquished

Notes
Turn   | Place    | Note
--------------------------------------------------------------
     0 | D:1      | Krapule the Minotaur Fighter began the quest for the Orb.
     0 | D:1      | Reached XP level 1. HP: 19/19 MP: 0/0
   379 | D:1      | Reached XP level 2. HP: 25/27 MP: 1/1
   714 | D:2      | Reached skill level 1 in Dodging
   717 | D:2      | Found a burning altar of Makhleb.
   934 | D:2      | Reached XP level 3. HP: 30/33 MP: 2/2
  1024 | D:2      | Found an opulent altar of Gozag.
  1025 | D:2      | Found a sparkling altar of Nemelex Xobeh.
  1505 | D:3      | Noticed Terence
  1514 | D:3      | Killed Terence
  1514 | D:3      | Reached XP level 4. HP: 31/40 MP: 3/3
  1672 | D:3      | You fall through a shaft for 3 floors!
  1672 | D:6      | Noticed Sigmund
  1682 | D:6      | Killed Sigmund
  1682 | D:6      | Reached skill level 5 in Shields
  1682 | D:6      | Reached skill level 1 in Evocations
  1682 | D:6      | Reached XP level 5. HP: 40/47 MP: 3/5
  1682 | D:6      | Reached XP level 6. HP: 45/53 MP: 3/6
  1692 | D:6      | Found a glowing drain.
  1741 | Sewer    | Entered a sewer
  1789 | Sewer    | Noticed Purgy
  1800 | Sewer    | Killed Purgy
  1800 | Sewer    | Reached skill level 5 in Fighting
  2038 | D:5      | Entered Level 5 of the Dungeon
  2102 | D:5      | Found an ancient bone altar of Kikubaaqudgha.
  2106 | D:5      | Noticed an ice beast
  2117 | D:5      | Killed an ice beast
  2117 | D:5      | Reached skill level 5 in Armour
  2162 | D:5      | Reached XP level 7. HP: 54/61 MP: 7/7
  2243 | D:5      | Found a snail-covered altar of Cheibriados.
  2252 | D:5      | Became a worshipper of Cheibriados the Contemplative
  2258 | D:5      | Found a blossoming altar of Fedhas.
  2316 | D:5      | Found a deep blue altar of Sif Muna.
  2481 | D:4      | Found a glowing golden altar of the Shining One.
  2579 | D:3      | Found an oddly glowing altar of Pakellas.
  2680 | D:3      | Reached * piety under Cheibriados
  3542 | D:5      | Reached skill level 5 in Maces & Flails
  3542 | D:5      | Reached XP level 8. HP: 70/70 MP: 8/8
  3550 | D:5      | Reached skill level 1 in Invocations
  3553 | D:5      | Reached ** piety under Cheibriados
  3860 | D:5      | Found a staircase to the Ecumenical Temple.
  4401 | D:6      | Found a shadowy altar of Dithmenos.
  4413 | D:6      | Found a basalt altar of Yredelemnul.
  4523 | D:7      | Noticed Prince Ribbit
  4545 | D:7      | Reached *** piety under Cheibriados
  4691 | D:7      | Noticed Duvessa
  4702 | D:7      | Killed Duvessa
  4702 | D:7      | Reached XP level 9. HP: 76/79 MP: 10/10
  4705 | D:7      | Noticed Dowan
  4709 | D:7      | Killed Dowan
  4761 | D:7      | Noticed Joseph
  4810 | D:7      | Killed Joseph
  4810 | D:7      | Reached skill level 5 in Dodging
  4815 | D:7      | Killed Prince Ribbit
  4889 | D:7      | Reached **** piety under Cheibriados
  4965 | D:7      | Found an iron altar of Okawaru.
  5148 | D:8      | Found a flagged portal.
  5161 | Bailey   | Entered a bailey
  5212 | Bailey   | Noticed an orc knight
  5228 | Bailey   | Killed an orc knight
  5228 | Bailey   | Reached XP level 10. HP: 65/89 MP: 11/11
  5235 | Bailey   | Noticed an orc knight
  5239 | Bailey   | Killed an orc knight
  5329 | Bailey   | Noticed an orc knight
  5345 | Bailey   | Killed an orc knight
  5557 | D:8      | Reached ***** piety under Cheibriados
  5586 | D:8      | Noticed Pikel
  5586 | D:8      | Noticed Psyche
  5599 | D:8      | Killed Pikel
  5601 | D:8      | Killed Psyche
  5638 | D:8      | Noticed a hill giant
  5653 | D:8      | Killed a hill giant
  5685 | D:8      | Found a stormy altar of Qazlal.
  6133 | D:9      | Reached XP level 11. HP: 97/97 MP: 13/13
  6181 | D:9      | Reached skill level 10 in Armour
  6329 | D:9      | Found a staircase to the Lair.
  6374 | Lair:1   | Entered Level 1 of the Lair of Beasts
  6504 | Lair:1   | Reached skill level 5 in Evocations
  6507 | Lair:1   | Reached skill level 10 in Shields
  6574 | Lair:1   | Reached skill level 10 in Fighting
  6689 | Lair:1   | Found a labyrinth entrance.
  6698 | Lab      | Entered a labyrinth
  7658 | Lab      | Noticed a minotaur
  7665 | Lab      | Killed a minotaur
  7673 | Lab      | Got a crude morningstar
  7675 | Lab      | Identified the +7 morningstar "Medes" {flame, rN+ MR+} (You found it in a labyrinth)
  7729 | Lair:1   | Reached skill level 5 in Invocations
  8228 | Lair:1   | Identified a +5 rod of ignition (11/11) (You took it off a minotaur in a labyrinth)
  8362 | Lair:2   | Reached ****** piety under Cheibriados
  8756 | Lair:2   | Noticed a five-headed hydra
  8762 | Lair:2   | Killed a five-headed hydra
  8762 | Lair:2   | Reached XP level 12. HP: 71/108 MP: 15/15
 10663 | Lair:4   | Reached XP level 13. HP: 102/117 MP: 16/16
 11015 | Lair:4   | You fall through a shaft!
 11211 | Lair:5   | Reached skill level 10 in Maces & Flails
 11308 | Lair:5   | Found a hole to the Spider Nest.
 12675 | Lair:6   | Found a staircase to the Swamp.
 13471 | Lair:7   | Reached XP level 14. HP: 97/129 MP: 18/18
 14529 | Lair:8   | Entered Level 8 of the Lair of Beasts
 14827 | Lair:8   | Found a burning altar of Makhleb.
 14938 | Lair:8   | Found a gateway to Hell.
 15345 | Lair:8   | Found a staircase to the Slime Pits.
 16171 | D:9      | Found a sacrificial altar of Ru.
 16176 | D:9      | Got a twisted leather armour
 16194 | D:9      | Identified the +1 leather armour "Ereunacu" {rPois Str+4 Dex+4} (You found it on level 9 of the Dungeon)
 16232 | D:10     | Entered Level 10 of the Dungeon
 16323 | D:10     | You fall through a shaft for 3 floors!
 16331 | D:13     | Found Xisiung's Food Emporium.
 16334 | D:13     | Noticed ThereIsNoGod's ghost (journeyman MiGl)
 16355 | D:13     | Killed ThereIsNoGod's ghost
 16395 | D:13     | Found Muskeyroe's Book Shoppe.
 16565 | D:13     | Reached skill level 10 in Dodging
 16565 | D:13     | Reached XP level 15. HP: 128/138 MP: 20/20
 16748 | D:13     | Found Ceimeteubb's Armour Shoppe.
 17809 | D:10     | Found a staircase to the Orcish Mines.
 18213 | Orc:1    | Entered Level 1 of the Orcish Mines
 18213 | Orc:1    | Noticed Erica
 18218 | Orc:1    | Killed Erica
 18233 | Orc:1    | Noticed Josephine
 18238 | Orc:1    | Killed Josephine
 18336 | Orc:1    | Noticed Erolcha
 18340 | Orc:1    | Killed Erolcha
 18609 | Orc:2    | Entered Level 2 of the Orcish Mines
 18614 | Orc:2    | Reached skill level 15 in Armour
 18617 | Orc:2    | Found Etyteoff's Weapon Emporium.
 19483 | Orc:2    | Reached skill level 15 in Shields
 19699 | Orc:2    | Found Teosak's Book Shoppe.
 19702 | Orc:2    | Found Qukekk's Gadget Shoppe.
 19703 | Orc:2    | Found Ydwi's Weapon Shoppe.
 19704 | Orc:2    | Found Puqez's Gadget Emporium.
 19790 | Orc:2    | Found a staircase to the Elven Halls.
 20206 | Swamp:1  | Entered Level 1 of the Swamp
 20223 | Swamp:1  | Reached skill level 15 in Fighting
 20971 | Swamp:1  | Got a brightly glowing scale mail
 20982 | Swamp:1  | Identified the +2 scale mail of Haema {rF+} (You found it on level 1 of the Swamp)
 21073 | Swamp:1  | Noticed a thorn hunter
 21084 | Swamp:1  | Killed a thorn hunter
 22178 | Swamp:2  | Noticed a thorn hunter
 22183 | Swamp:2  | Killed a thorn hunter
 22183 | Swamp:2  | Reached XP level 16. HP: 139/149 MP: 22/22
 23352 | Swamp:4  | Entered Level 4 of the Swamp
 23352 | Swamp:4  | Noticed a thorn hunter
 23358 | Swamp:4  | Killed a thorn hunter
 23841 | Swamp:4  | Noticed Xoff's ghost (adept MiFi)
 23879 | Swamp:4  | Killed Xoff's ghost
 24906 | Swamp:4  | Noticed a thorn hunter
 24916 | Swamp:4  | HP: 5/151 [thorn hunter/volley of thorns (25)]
 24917 | Swamp:4  | Noticed a thorn hunter
 24920 | Swamp:4  | Killed from afar by a thorn hunter

Skill      XL: |  1  2  3  4  5  6  7  8  9 10 11 12 13 14 15 16 |
---------------+-------------------------------------------------+-----
Dodging        | 1 2 3 4 5 6 7 8 9 10 11 | 11.1
Shields        | 4 5 6 7 8 9 10 11 13 14 15 16 | 16.2
Fighting       | 4 5 6 7 8 9 10 11 13 14 15 | 15.8
Armour         | 4 5 7 8 9 11 12 13 14 15 16 | 16.3
Maces & Flails | 3 4 5 6 7 8 9 10 11 12 | 12.6
Evocations     | 1 2 3 4 5 6 7 |  7.6
Invocations    | 2 3 4 5 6 7 8 9 |  9.8

Action                   |  1- 3 |  4- 6 |  7- 9 | 10-12 | 13-15 | 16-18 || total
-------------------------+-------+-------+-------+-------+-------+-------++-------
Melee: Flail             |   106 |    76 |   340 |   251 |       |       ||   773
       Headbutt          |    17 |     7 |    92 |   166 |   317 |    56 ||   655
       Morningstar       |       |       |       |   229 |   957 |   192 ||  1378
       Demon whip        |       |       |       |       |    59 |       ||    59
 Fire: Blowgun           |       |       |    15 |     2 |       |       ||    17
Throw: Tomahawk          |     4 |     3 |     3 |     9 |     2 |       ||    21
Invok: Slouch            |       |       |       |     1 |     7 |     3 ||    11
       Temporal Distorti |       |       |       |       |     1 |       ||     1
Evoke: Wand              |       |     1 |     2 |       |     2 |       ||     5
       Rod               |       |       |       |     2 |    13 |     6 ||    21
       Fan of gales      |       |       |       |       |     2 |       ||     2
  Use: Potion            |       |     2 |     1 |     2 |       |     4 ||     9
       Scroll            |       |       |     8 |     5 |     9 |     2 ||    24
 Stab: Distracted        |       |       |       |       |     4 |       ||     4
       Sleeping          |       |       |       |       |     4 |       ||     4
  Eat: Chunk             |     1 |     3 |     7 |     9 |    29 |     7 ||    56
       Fruit             |       |       |       |     4 |     2 |       ||     6
Armor: Scale mail        |    47 |       |       |       |    21 |   116 ||   184
       Chain mail        |       |    28 |   105 |   137 |   137 |       ||   407
       Leather armour    |       |       |       |       |    54 |       ||    54
Dodge: Dodged            |    40 |    24 |    80 |   172 |   515 |   271 ||  1102
Block: Shield            |    59 |    51 |   226 |   461 |  1066 |   308 ||  2171
       Reflection        |       |       |    14 |    16 |    28 |     6 ||    64
